TOP OF THE 1ST |
Cincinnati Reds batting - Pitching for Milwaukee Brewers : RHP Collin McHugh
|
Pitching: RHP Collin McHugh
|
|
Batting: RHB Trea Turner
|
0-0: Foul Ball, location: 2F 0-1: Ball 1-1: DOUBLE (Line Drive, 7LS)
|
Batting: LHB Scooter Gennett
|
0-0: Ball 1-0: Called Strike 1-1: Foul Ball, location: 2F 1-2: SINGLE (Groundball, 3D) Trea Turner to third Runner from 3rd tries for Home, SAFE, throw by RF to home Scooter Gennett to second
|
Batting: LHB Robinson Cano
|
0-0: Ball 1-0: Foul Ball, location: 2F 1-1: Foul Ball, location: 2F 1-2: Ball 2-2: Ground out 4-3 (Groundball, 4) Scooter Gennett to third
|
Batting: LHB Joey Gallo
|
0-0: Foul Ball, location: 2F 0-1: Foul Ball, location: 2F 0-2: Ball 1-2: Foul Ball, location: 2F 1-2: Ball 2-2: Foul Ball, location: 2F 2-2: Foul Ball, location: 2F 2-2: Fly out, F9 (Flyball, 9) Runner from 3rd tags up, SCORES, throw by RF
|
Batting: SHB Yasmani Grandal
|
0-0: Ground out 4-3 (Groundball, 4)
|
Top of the 1st over - 2 runs, 2 hits, 0 errors, 0 left on base; Cincinnati 2 - Milwaukee 0 |
BOTTOM OF THE 1ST |
Milwaukee Brewers batting - Pitching for Cincinnati Reds : RHP Danny Salazar
|
Pitching: RHP Danny Salazar
|
|
Batting: RHB Tommy Pham
|
0-0: Ball 1-0: Ball 2-0: Called Strike 2-1: Swinging Strike 2-2: Foul Ball, location: 2F 2-2: Strikes out swinging
|
Batting: RHB Aaron Judge
|
0-0: Ball 1-0: Foul Ball, location: 2F 1-1: Foul Ball, location: 2F 1-2: Foul Ball, location: 2F 1-2: Foul Ball, location: 2F 1-2: SINGLE (Line Drive, 4M)
|
Batting: RHB Logan Forsythe
|
0-0: Ball 1-0: Called Strike 1-1: SINGLE (Line Drive, 89S) Aaron Judge to second Runner from 2nd tries for 3rd, SAFE, no throw by RF
|
Batting: RHB Gary Sanchez
|
0-0: Called Strike 0-1: Swinging Strike 0-2: Strikes out looking
|
Batting: RHB Miguel Cabrera
|
0-0: Swinging Strike 0-1: Ball 1-1: Foul Ball, location: 2F 1-2: Strikes out looking
|
Bottom of the 1st over - 0 runs, 2 hits, 0 errors, 2 left on base; Cincinnati 2 - Milwaukee 0 |
TOP OF THE 2ND |
Cincinnati Reds batting - Pitching for Milwaukee Brewers : RHP Collin McHugh
|
Batting: RHB Adam Duvall
|
0-0: Ball 1-0: Ball 2-0: Foul Ball, location: 2F 2-1: TRIPLE (Flyball, 8RXD)
|
Batting: LHB Adrian Gonzalez
|
0-0: Foul Ball, location: 2F 0-1: Ball 1-1: Swinging Strike 1-2: Ball 2-2: Strikes out looking
|
Batting: LHB Jarrod Dyson
|
0-0: SINGLE (Groundball, 6MD) Adam Duvall scores
|
Batting: RHB Danny Salazar
|
0-0: Sac Bunt to 23 - play at first, batter OUT! 3-4 Jarrod Dyson to second
|
Batting: RHB Trea Turner
|
0-0: Called Strike 0-1: Ball 1-1: Called Strike 1-2: Strikes out swinging
|
Top of the 2nd over - 1 run, 2 hits, 0 errors, 1 left on base; Cincinnati 3 - Milwaukee 0 |
BOTTOM OF THE 2ND |
Milwaukee Brewers batting - Pitching for Cincinnati Reds : RHP Danny Salazar
|
Batting: RHB Eugenio Suarez
|
0-0: Called Strike 0-1: SOLO HOME RUN (Flyball, 9D), Distance : 371 ft
|
Batting: LHB Seth Smith
|
0-0: Ball 1-0: Ground out U3 (Groundball, 34)
|
Batting: RHB Collin McHugh
|
0-0: Swinging Strike 0-1: Ball 1-1: Ball 2-1: Foul Ball, location: 2F 2-2: Strikes out swinging
|
Batting: RHB Addison Russell
|
0-0: Ball 1-0: Foul Ball, location: 2F 1-1: Ball 2-1: Swinging Strike 2-2: Ball 3-2: Strikes out looking
|
Bottom of the 2nd over - 1 run, 1 hit, 0 errors, 0 left on base; Cincinnati 3 - Milwaukee 1 |
TOP OF THE 3RD |
Cincinnati Reds batting - Pitching for Milwaukee Brewers : RHP Collin McHugh
|
Batting: LHB Scooter Gennett
|
0-0: Called Strike 0-1: SOLO HOME RUN (Flyball, 9LD), Distance : 358 ft
|
Batting: LHB Robinson Cano
|
0-0: Ball 1-0: Ball 2-0: Called Strike 2-1: SOLO HOME RUN (Flyball, 89XD), Distance : 391 ft
|
Batting: LHB Joey Gallo
|
0-0: Called Strike 0-1: Foul Ball, location: 2F 0-2: Ball 1-2: Strikes out swinging
|
Batting: SHB Yasmani Grandal
|
0-0: Ball 1-0: Called Strike 1-1: Fly out, F7 (Flyball, 7LM)
|
Batting: RHB Adam Duvall
|
0-0: Called Strike 0-1: SINGLE (Groundball, 6MS) (infield hit)
|
Batting: LHB Adrian Gonzalez
|
0-0: Ball 1-0: Swinging Strike 1-1: DOUBLE (Line Drive, 9LS) Adam Duvall to third Runner from 3rd tries for Home, SAFE, throw by RF to home
|
Pitching: RHP Andrew Triggs
|
|
Batting: LHB Jarrod Dyson
|
0-0: Hit by Pitch
|
Batting: RHB Danny Salazar
|
0-0: Called Strike 0-1: Ball 1-1: Ball 2-1: Called Strike 2-2: Strikes out swinging
|
Top of the 3rd over - 3 runs, 4 hits, 0 errors, 2 left on base; Cincinnati 6 - Milwaukee 1 |
BOTTOM OF THE 3RD |
Milwaukee Brewers batting - Pitching for Cincinnati Reds : RHP Danny Salazar
|
Batting: RHB Tommy Pham
|
0-0: Ball 1-0: Ball 2-0: Called Strike 2-1: Ground out 1-3 (Groundball, 13)
|
Batting: RHB Aaron Judge
|
0-0: Ball 1-0: Foul Ball, location: 2F 1-1: Foul Ball, location: 2F 1-2: Ball 2-2: Strikes out looking
|
Batting: RHB Logan Forsythe
|
0-0: Ball 1-0: Called Strike 1-1: Called Strike 1-2: Foul Ball, location: 2F 1-2: SINGLE (Line Drive, 78S)
|
Batting: RHB Gary Sanchez
|
0-0: Called Strike 0-1: Ball 1-1: Ball 2-1: Called Strike 2-2: Strikes out looking
|
Bottom of the 3rd over - 0 runs, 1 hit, 0 errors, 1 left on base; Cincinnati 6 - Milwaukee 1 |
TOP OF THE 4TH |
Cincinnati Reds batting - Pitching for Milwaukee Brewers : RHP Andrew Triggs
|
Batting: RHB Trea Turner
|
0-0: Called Strike 0-1: Swinging Strike 0-2: Strikes out swinging
|
Batting: LHB Scooter Gennett
|
0-0: Swinging Strike 0-1: Ball 1-1: Ground out 6-3 (Groundball, 4M)
|
Batting: LHB Robinson Cano
|
0-0: Called Strike 0-1: Ball 1-1: Swinging Strike 1-2: Strikes out swinging
|
Top of the 4th over - 0 runs, 0 hits, 0 errors, 0 left on base; Cincinnati 6 - Milwaukee 1 |
BOTTOM OF THE 4TH |
Milwaukee Brewers batting - Pitching for Cincinnati Reds : RHP Danny Salazar
|
Batting: RHB Miguel Cabrera
|
0-0: Ball 1-0: Foul Ball, location: 2F 1-1: Foul Ball, location: 2F 1-2: Ball 2-2: Ground out 1-3 (Groundball, 13)
|
Batting: RHB Eugenio Suarez
|
0-0: Called Strike 0-1: Ball 1-1: Ball 2-1: Ground out 6-3 (Groundball, 6)
|
Batting: LHB Seth Smith
|
0-0: Ball 1-0: Called Strike 1-1: Ball 2-1: Ground out U3 (Groundball, 3)
|
Bottom of the 4th over - 0 runs, 0 hits, 0 errors, 0 left on base; Cincinnati 6 - Milwaukee 1 |
TOP OF THE 5TH |
Cincinnati Reds batting - Pitching for Milwaukee Brewers : RHP Andrew Triggs
|
Batting: LHB Joey Gallo
|
0-0: Ball 1-0: Foul Ball, location: 2F 1-1: Ball 2-1: Swinging Strike 2-2: Ball 3-2: Strikes out looking
|
Batting: SHB Yasmani Grandal
|
0-0: Called Strike 0-1: Ball 1-1: Ball 2-1: Ball 3-1: Foul Ball, location: 2F 3-2: Foul Ball, location: 2F 3-2: Strikes out looking
|
Batting: RHB Adam Duvall
|
0-0: Foul Ball, location: 2F 0-1: Foul Ball, location: 2F 0-2: Ball 1-2: Strikes out swinging
|
Top of the 5th over - 0 runs, 0 hits, 0 errors, 0 left on base; Cincinnati 6 - Milwaukee 1 |
BOTTOM OF THE 5TH |
Milwaukee Brewers batting - Pitching for Cincinnati Reds : RHP Danny Salazar
|
Batting: RHB Andrew Triggs
|
0-0: Called Strike 0-1: Ball 1-1: Ball 2-1: Swinging Strike 2-2: Strikes out swinging
|
Batting: RHB Addison Russell
|
0-0: Ball 1-0: Ball 2-0: Foul Ball, location: 2F 2-1: Called Strike 2-2: Ground out 4-3 (Groundball, 4)
|
Batting: RHB Tommy Pham
|
0-0: Fly out, F8 (Flyball, 89S)
|
Bottom of the 5th over - 0 runs, 0 hits, 0 errors, 0 left on base; Cincinnati 6 - Milwaukee 1 |
TOP OF THE 6TH |
Cincinnati Reds batting - Pitching for Milwaukee Brewers : RHP Andrew Triggs
|
Batting: LHB Adrian Gonzalez
|
0-0: Swinging Strike 0-1: Swinging Strike 0-2: Ground out U3 (Groundball, 3)
|
Batting: LHB Jarrod Dyson
|
0-0: Ball 1-0: Called Strike 1-1: Called Strike 1-2: Strikes out swinging
|
Batting: RHB Danny Salazar
|
0-0: Called Strike 0-1: Called Strike 0-2: Ball 1-2: Foul Ball, location: 2F 1-2: Ball 2-2: Ball 3-2: Base on Balls
|
Pitching: RHP Andrew Kittredge
|
|
Batting: RHB Trea Turner
|
0-0: Ball 1-0: Ball 2-0: Called Strike 2-1: Ball 3-1: Base on Balls Danny Salazar to second
|
Batting: LHB Scooter Gennett
|
0-0: Swinging Strike 0-1: Ball Passed Ball! Danny Salazar to third Trea Turner to second 1-1: Ball 2-1: Foul Ball, location: 2F 2-2: Foul Ball, location: 2F 2-2: Strikes out swinging
|
Top of the 6th over - 0 runs, 0 hits, 0 errors, 2 left on base; Cincinnati 6 - Milwaukee 1 |
BOTTOM OF THE 6TH |
Milwaukee Brewers batting - Pitching for Cincinnati Reds : RHP Danny Salazar
|
Batting: RHB Aaron Judge
|
0-0: Ball 1-0: Ball 2-0: Called Strike 2-1: Ball 3-1: Base on Balls
|
Batting: RHB Logan Forsythe
|
0-0: Ball 1-0: Ball 2-0: Ball 3-0: Base on Balls Aaron Judge to second
|
Batting: RHB Gary Sanchez
|
0-0: Fielders Choice at 2nd, 6-4 (Groundball, 56) Aaron Judge to third
|
Batting: RHB Miguel Cabrera
|
0-0: Reached on error, E5 (Groundball, 56) Aaron Judge scores Gary Sanchez to second
|
Batting: RHB Eugenio Suarez
|
0-0: Called Strike 0-1: Ball 1-1: Ball 2-1: Foul Ball, location: 2F 2-2: Ball 3-2: Foul Ball, location: 2F 3-2: Foul Ball, location: 2F 3-2: Reached on error, E6 (Groundball, 6) Gary Sanchez to third Miguel Cabrera to second
|
Pitching: LHP Rex Brothers
|
|
Batting: LHB Seth Smith
|
0-0: Ball 1-0: Ball 2-0: Called Strike 2-1: Foul Ball, location: 2F 2-2: Fly out, F9 (Line Drive, 9)
|
Pinch Hitting: RHB Troy Tulowitzki
|
0-0: Ball 1-0: Ball 2-0: Ball 3-0: Called Strike 3-1: Fly out, F6 (Flyball, 56D)
|
Bottom of the 6th over - 1 run, 0 hits, 2 errors, 3 left on base; Cincinnati 6 - Milwaukee 2 |
TOP OF THE 7TH |
Cincinnati Reds batting - Pitching for Milwaukee Brewers : RHP Andrew Kittredge
|
Pitching: RHP Kyle Barraclough
|
|
Batting: LHB Robinson Cano
|
0-0: Called Strike 0-1: Called Strike 0-2: Ball 1-2: Strikes out swinging
|
Batting: LHB Joey Gallo
|
0-0: Called Strike 0-1: Called Strike 0-2: Foul Ball, location: 2F 0-2: Strikes out swinging
|
Batting: SHB Yasmani Grandal
|
0-0: Ball 1-0: Called Strike 1-1: Swinging Strike 1-2: Ball 2-2: Foul Ball, location: 2F 2-2: Strikes out swinging
|
Top of the 7th over - 0 runs, 0 hits, 0 errors, 0 left on base; Cincinnati 6 - Milwaukee 2 |
BOTTOM OF THE 7TH |
Milwaukee Brewers batting - Pitching for Cincinnati Reds : LHP Rex Brothers
|
Batting: RHB Addison Russell
|
0-0: Ball 1-0: Ball 2-0: Foul Ball, location: 2F 2-1: Foul Ball, location: 2F 2-2: Ball 3-2: Foul Ball, location: 2F 3-2: Ground out 6-3 (Groundball, 6)
|
Batting: RHB Tommy Pham
|
0-0: Ball 1-0: Fly out, F8 (Flyball, 8RD)
|
Batting: RHB Aaron Judge
|
0-0: Foul Ball, location: 2F 0-1: Ball 1-1: Ball 2-1: SOLO HOME RUN (Flyball, 7D), Distance : 380 ft
|
Batting: RHB Logan Forsythe
|
0-0: Ball 1-0: Ball 2-0: Ball 3-0: Called Strike 3-1: Fly out, F9 (Flyball, 9LMF)
|
Bottom of the 7th over - 1 run, 1 hit, 0 errors, 0 left on base; Cincinnati 6 - Milwaukee 3 |
TOP OF THE 8TH |
Cincinnati Reds batting - Pitching for Milwaukee Brewers : RHP Kyle Barraclough
|
Pitching: RHP Addison Reed
|
|
Batting: RHB Adam Duvall
|
0-0: Called Strike 0-1: Called Strike 0-2: Ball 1-2: Strikes out swinging
|
Batting: LHB Adrian Gonzalez
|
0-0: Foul Ball, location: 2F 0-1: Swinging Strike 0-2: Strikes out swinging
|
Batting: LHB Jarrod Dyson
|
0-0: Ball 1-0: Ball 2-0: Foul Ball, location: 2F 2-1: Fly out, F7 (Flyball, 7LSF)
|
Top of the 8th over - 0 runs, 0 hits, 0 errors, 0 left on base; Cincinnati 6 - Milwaukee 3 |
BOTTOM OF THE 8TH |
Milwaukee Brewers batting - Pitching for Cincinnati Reds : LHP Rex Brothers
|
Pitching: RHP Thyago Vieira
|
|
Now in CF: Jose Siri
|
|
Batting: RHB Gary Sanchez
|
0-0: Swinging Strike 0-1: Ground out 6-3 (Groundball, 6)
|
Batting: RHB Miguel Cabrera
|
0-0: Called Strike 0-1: Foul Ball, location: 2F 0-2: Ball 1-2: Ball 2-2: Strikes out swinging
|
Batting: RHB Eugenio Suarez
|
0-0: Bunt - Flyout to 25! F5
|
Bottom of the 8th over - 0 runs, 0 hits, 0 errors, 0 left on base; Cincinnati 6 - Milwaukee 3 |
TOP OF THE 9TH |
Cincinnati Reds batting - Pitching for Milwaukee Brewers : RHP Addison Reed
|
Batting: RHB Jose Siri
|
0-0: Foul Ball, location: 2F 0-1: Fly out, F9 (Flyball, 9D)
|
Batting: RHB Trea Turner
|
0-0: Swinging Strike 0-1: Foul Ball, location: 2F 0-2: Ball 1-2: Ball 2-2: Ball 3-2: Strikes out swinging
|
Batting: LHB Scooter Gennett
|
0-0: Swinging Strike 0-1: Ball 1-1: Fly out, F8 (Line Drive, 8LM)
|
Top of the 9th over - 0 runs, 0 hits, 0 errors, 0 left on base; Cincinnati 6 - Milwaukee 3 |
BOTTOM OF THE 9TH |
Milwaukee Brewers batting - Pitching for Cincinnati Reds : RHP Thyago Vieira
|
Batting: LHB Seth Smith
|
0-0: DOUBLE (Line Drive, 9LS)
|
Pinch Hitting: LHB Lucas Duda
|
0-0: Called Strike 0-1: Called Strike 0-2: Strikes out swinging
|
Batting: RHB Addison Russell
|
0-0: Called Strike 0-1: Ball 1-1: Foul Ball, location: 2F 1-2: Ball 2-2: Ball Wild Pitch! Seth Smith to third 3-2: Strikes out swinging
|
Batting: RHB Tommy Pham
|
0-0: Foul Ball, location: 2F 0-1: Foul Ball, location: 2F 0-2: Ball 1-2: Strikes out swinging
|
Bottom of the 9th over - 0 runs, 1 hit, 0 errors, 1 left on base; Cincinnati 6 - Milwaukee 3 |
|